 Dungeon Crawl Stone Soup version 0.31.0-4-g52a2dc7128 (webtiles) character file.

Game seed: 3720442565765072043

9 Leszczynek the Sneak (level 2, -2/19 HPs)
             Began as a Vampire Fire Elementalist on Jan 22, 2024.
             Slain by a gnoll
             ... wielding a +0 flail
              (9 damage)
             ... on level 1 of the Dungeon.
             The game lasted 00:04:41 (334 turns).

Leszczynek the Sneak (Vampire Fire Elementalist)     Turns: 334, Time: 00:04:42

Health: -2/19      AC:  2    Str:  7    XL:     2   Next: 6%
Magic:  1/5        EV: 12    Int: 17    God:
Gold:   0          SH:  0    Dex: 14    Spells: 2/5 levels left

rFire   . . .        d - +0 short sword
rCold   . . .        (no shield)
rNeg    . . .        a - +0 robe
rPois   .            (no helmet)
rElec   .            (no cloak)
rCorr   .            (no gloves)
SInv    +            (no boots)
Will    .....        (no amulet)
Stlth   ++           (no ring)
HPRegen 0.43/turn    (no ring)
MPRegen 0.09/turn

%: no passive effects
@: brilliant, very slightly contaminated, healing quickly
A: alive, fangs 3, see invisible, vampiric 1
a: Exsanguinate


You were on level 1 of the Dungeon.
You visited 1 branch of the dungeon, and saw 1 of its levels.

Inventory:

Hand Weapons
 d - a +0 short sword (weapon)
Armour
 a - a +0 robe (worn)
Scrolls
 e - a scroll of butterflies {unknown}
 f - a scroll of fear {unknown}
 h - a scroll of identify {unknown}
Potions
 b - a potion of magic
 c - a potion of brilliance
 g - a potion of enlightenment {unknown}


   Skills:
 - Level 2.1 Dodging
 - Level 3.0 Stealth
 - Level 2.0 Spellcasting
 - Level 0.6 Conjurations
 + Level 3.0 Fire Magic


You had 2 spell levels left.
You knew the following spells:

 Your Spells              Type           Power      Damage    Failure   Level
a - Foxfire               Conj/Fire      44%        2x1d6     10%         1
b - Scorch                Fire           34%        2d6       9%          2

Your spell library contained the following spells:

 Spells                   Type           Power      Damage    Failure   Level
 Inner Flame              Hex/Fire       10%        N/A       30%         3
 Volatile Blastmotes      Fire/Tloc      20%        2d11      30%         3
 Flame Wave               Conj/Fire      11%        2d6       67%         4


Dungeon Overview and Level Annotations

Branches:
Dungeon (1/15)

Altars:


Innate Abilities, Weirdness & Mutations

Your natural rate of healing is accelerated.
You have razor-sharp teeth.
You have supernaturally acute eyesight. (SInv)
You are afflicted with vampirism.


Message History

You finish memorising.
Spell assigned to 'b'.
Okay, then.
Okay, then.
A gnoll comes into view. It is wielding a +0 flail.
The gnoll shouts!
A bat comes into view.
Casting: Foxfire (safe; 10% risk of failure)
Confirm with . or Enter, or press ? or * to list all spells.
You conjure some foxfire!
The foxfire hits the gnoll.
The gnoll is lightly wounded.
Your foxfire dissipates!
Casting: Foxfire (safe; 10% risk of failure)
Confirm with . or Enter, or press ? or * to list all spells.
You conjure some foxfire!
The foxfire hits the gnoll.
The gnoll is heavily wounded.
A giant cockroach comes into view.
Your foxfire dissipates!
A kobold comes into view. It is wielding a +0 club.
Unknown command.
Casting: Foxfire (safe; 10% risk of failure)
Confirm with . or Enter, or press ? or * to list all spells.
You miscast Foxfire.
You are very lightly contaminated with residual magic.
Nothing appears to happen.
Casting: Foxfire (safe; 10% risk of failure)
Confirm with . or Enter, or press ? or * to list all spells.
You conjure some foxfire!
The gnoll hits you with a +0 flail.
Your foxfire dissipates!
The foxfire hits the gnoll.
The gnoll is severely wounded.
The gnoll attacks as it pursues you! The gnoll hits you with a +0 flail!
Ouch! That really hurt!
It was a potion of brilliance.
You feel clever all of a sudden. The gnoll misses you.
Casting: Foxfire (safe; 10% risk of failure)
Confirm with . or Enter, or press ? or * to list all spells.
You feel a surge of power!
You conjure some foxfire!
The gnoll hits you with a +0 flail!
You die...

.#....<....# ####.####
.########### ##.......##
>## #..######.........##
..#####.#...............#
.^........###...........#
#.†####....÷............#
##.# ######...........##
##.# ###....#...##
....###########g@v.....#
#............B..v.....#
..#K.#############.....#
.##.# ####### ... ...
..b. #.... #....


You could see a gnoll (ally target) and a giant cockroach.

Vanquished Creatures
  2 giant cockroaches (D:1)
  2 jackals (D:1)
  A quokka (D:1)
  A ball python (D:1)
  A bat (D:1)
  A kobold (D:1)
  A rat (D:1)
9 creatures vanquished.

Vanquished Creatures (others)
  20 foxfires (D:1)
20 creatures vanquished.

Grand Total: 29 creatures vanquished

Notes
Turn   | Place    | Note
-------+----------+-------------------------------------------
     0 | D:1      | Leszczynek the Vampire Fire Elementalist began the quest
                  | for the Orb.
     0 | D:1      | Reached XP level 1. HP: 13/13 MP: 3/3
     0 | D:1      | looks appropriately miserable
   275 | D:1      | Reached skill level 3 in Fire Magic
   275 | D:1      | Reached XP level 2. HP: 19/19 MP: 3/5
   278 | D:1      | Learned a level 2 spell: Scorch
   332 | D:1      | Ouch! That really hurt!
   334 | D:1      | Slain by a gnoll

Illustrated notes

##+##+##+##
.........
#.....#
#.#.....#.#
#....@....#
###########


Turn 0 on D:1: looks appropriately miserable

Levels and vault maps discovered:
D:1:      lemuel_arrival_behind_the_door_small, layout_rooms,
          serial_bayou_lake_a

Skill      XL: |  1 |
---------------+----+-----
Fire Magic     | 3 |  3.0
Dodging        | |  2.1
Stealth        | |  3.0
Spellcasting   | |  2.0
Conjurations   | |  0.6

Action                     || total
---------------------------++-------
  Melee: Short sword       ||    12
         Punch             ||     1
   Cast: Foxfire           ||    14
    Use: Potion            ||     1
 Armour: Robe              ||     9
  Dodge: Dodged            ||    15
